[Event "Bamberg-Open 2019"]
[Site "Bamberg"]
[Date "2019.05.30"]
[Round "2.17"]
[White "Becker, Tobias"]
[Black "Ruffenach, Alain"]
[Result "1/2-1/2"]
[ECO "B06"]
[WhiteElo "2019"]
[BlackElo "1936"]
[Annotator "NA"]
[PlyCount "62"]
[EventDate "2019.05.12"]
[EventType "swiss"]
[EventCountry "GER"]
[SourceTitle "playchess.com"]
[Source "ChessBase"]
[SourceQuality "1"]
[TimeControl "40/5400+30:900+30"]

1. d4 g6 2. e4 Bg7 3. Nf3 d6 4. Bc4 Nf6 5. Qe2 c6 6. Bb3 O-O 7. O-O Bg4 8. Nbd2 e5 9. dxe5 {[%emt 0:00:41] B06: Modern Defence} dxe5 10. h3 Bxf3 $1 11. Nxf3 Nbd7 12. Rd1 (12. c3 Qe7 13. Bc2 a5 14. a4 Nh5 15. g3 Nc5 16. Kg2 Rfe8 {1-0 (81) Indjic,A (2620)-Guseinov,G (2664) St Petersburg 2018}) 12... Qe7 13. c3 Rad8 $146 ({Predecessor:} 13... Nc5 14. Bc2 Nh5 15. Bg5 Qe8 16. Be3 {1-0 (33) Zude,A (2372)-Alber,H (2290) Frankfurt 2018}) 14. Bc2 Nh5 15. g3 Nc5 16. Be3 b6 17. Qc4 h6 18. Bxc5 bxc5 19. Kg2 Bf6 20. Nd2 Ng7 21. Ba4 Qb7 22. Nb3 Ne6 23. Nxc5 Nxc5 24. Qxc5 Qxb2 25. Qxc6 Rxd1 26. Rxd1 $18 Qxa2 27. Rd7 Bg5 28. Kf3 Bd2 29. Bb5 Be1 30. Qc5 Qe6 31. Kg2 Qb6 1/2-1/2

[Event "Bamberg-Open 2019"]
[Site "Bamberg"]
[Date "2019.05.30"]
[Round "2.18"]
[White "Pacher, Milan"]
[Black "Woerz, Markus"]
[Result "1-0"]
[ECO "C50"]
[WhiteElo "2396"]
[BlackElo "2057"]
[Annotator "ChessBase"]
[PlyCount "59"]
[EventDate "2019.05.12"]
[EventType "swiss"]
[EventCountry "GER"]
[SourceTitle "playchess.com"]
[Source "ChessBase"]
[SourceQuality "1"]
[TimeControl "40/5400+30:900+30"]

1. e4 e5 2. Nf3 Nc6 3. Bc4 Bc5 4. d3 Nf6 5. O-O d6 6. c3 a6 7. a4 Ba7 8. Nbd2 O-O 9. h3 Ne7 10. Re1 Ng6 11. d4 Re8 12. Qb3 Re7 13. Nf1 h6 14. Ng3 c6 15. Nf5 Rc7 16. dxe5 dxe5 17. a5 Qf8 18. Be3 Bxe3 19. Rxe3 Nxe4 20. Nxh6+ gxh6 21. Rxe4 Qg7 22. Qb6 Re7 23. Qd8+ Qf8 24. Qd6 Bf5 25. Re3 Qg7 26. Rae1 Bxh3 27. Nh4 Nxh4 28. Rg3 Bg4 29. Qxe7 Nf5 30. Qxf7+ 1-0

[Event "Bamberg-Open 2019"]
[Site "Bamberg"]
[Date "2019.05.30"]
[Round "2.19"]
[White "Rempeli, Alex"]
[Black "Promyshlyanskiy, Vitaliy"]
[Result "1/2-1/2"]
[ECO "A40"]
[WhiteElo "2016"]
[BlackElo "2282"]
[Annotator "ChessBase"]
[PlyCount "82"]
[EventDate "2019.05.12"]
[EventType "swiss"]
[EventCountry "GER"]
[SourceTitle "playchess.com"]
[Source "ChessBase"]
[SourceQuality "1"]
[TimeControl "40/5400+30:900+30"]

1. d4 Nc6 2. c4 e5 3. d5 Nce7 4. Nc3 Ng6 5. a3 a5 6. Nf3 Bc5 7. h4 d6 8. h5 N6e7 9. h6 Nxh6 10. Bxh6 gxh6 11. Ne4 Ng6 12. Qd2 Bf5 13. Nxc5 dxc5 14. Qe3 Qe7 15. Rxh6 b6 16. Qg5 Qxg5 17. Nxg5 f6 18. Nf3 Kf7 19. g3 Kg7 20. Rh2 Bg4 21. Nh4 Rad8 22. Bh3 Nxh4 23. Bxg4 Ng6 24. e4 Ne7 25. Ke2 c6 26. a4 f5 27. exf5 cxd5 28. cxd5 Rxd5 29. Rd1 Rxd1 30. Kxd1 Rd8+ 31. Kc1 Rd4 32. Bd1 h6 33. f6+ Kxf6 34. Rxh6+ Kf5 35. Rxb6 Nd5 36. Rb5 Rc4+ 37. Kd2 Rd4+ 38. Ke2 Rb4 39. Rxc5 Rxb2+ 40. Kf3 e4+ 41. Kg2 Ke6 1/2-1/2

[Event "Bamberg-Open 2019"]
[Site "Bamberg"]
[Date "2019.05.30"]
[Round "2.20"]
[White "Wortmann, Klaus Peter"]
[Black "Pribyl, Josef"]
[Result "0-1"]
[ECO "D85"]
[WhiteElo "2025"]
[BlackElo "2239"]
[Annotator "ChessBase"]
[PlyCount "104"]
[EventDate "2019.05.12"]
[EventType "swiss"]
[EventCountry "GER"]
[SourceTitle "playchess.com"]
[Source "ChessBase"]
[SourceQuality "1"]
[TimeControl "40/5400+30:900+30"]

1. d4 Nf6 2. Nf3 g6 3. c4 Bg7 4. Nc3 d5 5. cxd5 Nxd5 6. e4 Nxc3 7. bxc3 O-O 8. Be3 b6 9. Be2 Bb7 10. Qc2 c5 11. dxc5 Nd7 12. cxb6 axb6 13. O-O Nc5 14. Bxc5 bxc5 15. Rab1 Qc7 16. Bc4 Ra7 17. a4 e6 18. Bb5 Qf4 19. Rbe1 f5 20. Nd2 Rd8 21. Re3 Bh6 22. g3 Qxe3 23. fxe3 Bxe3+ 24. Rf2 Rxd2 25. Qxd2 Bxd2 26. Rxd2 Bxe4 27. Rd8+ Kf7 28. Rd2 Ke7 29. Kf2 g5 30. Ke3 h6 31. g4 Ba8 32. gxf5 exf5 33. Kd3 Bd5 34. Re2+ Kf6 35. Re8 Bb3 36. Rc8 Bxa4 37. Rc6+ Kg7 38. Rxc5 Bxb5+ 39. Rxb5 Rd7+ 40. Ke2 Kg6 41. Rb6+ Kh5 42. c4 f4 43. Rf6 Re7+ 44. Kd2 Ra7 45. c5 Ra2+ 46. Kd3 Rxh2 47. c6 Ra2 48. c7 Ra8 49. Ke4 Rc8 50. Rf7 Kg4 51. Kd5 f3 52. Ke4 f2 0-1

[Event "Bamberg-Open 2019"]
[Site "Bamberg"]
[Date "2019.05.30"]
[Round "2.21"]
[White "von Wantoch, Markus"]
[Black "Mooser, Stefan"]
[Result "0-1"]
[ECO "B23"]
[WhiteElo "1971"]
[BlackElo "2215"]
[Annotator "ChessBase"]
[PlyCount "40"]
[EventDate "2019.05.12"]
[EventType "swiss"]
[EventCountry "GER"]
[SourceTitle "playchess.com"]
[Source "ChessBase"]
[SourceQuality "1"]
[TimeControl "40/5400+30:900+30"]

1. e4 c5 2. Nc3 a6 3. a4 e6 4. Nf3 Nc6 5. g3 Nf6 6. Bg2 Be7 7. O-O d6 8. Re1 O-O 9. h3 Qc7 10. d4 cxd4 11. Nxd4 Bd7 12. Nce2 Rab8 13. Be3 Rfc8 14. c3 Na5 15. b3 g6 16. Qb1 e5 17. Nc2 Nc6 18. Rc1 Be6 19. c4 Qd7 20. Nc3 Bxh3 0-1

[Event "Bamberg-Open 2019"]
[Site "Bamberg"]
[Date "2019.05.30"]
[Round "2.22"]
[White "Tscharotschkin, Michael"]
[Black "Mueller, Wolfgang"]
[Result "1-0"]
[ECO "D00"]
[WhiteElo "2182"]
[BlackElo "2052"]
[Annotator "ChessBase"]
[PlyCount "59"]
[EventDate "2019.05.12"]
[EventType "swiss"]
[EventCountry "GER"]
[SourceTitle "playchess.com"]
[Source "ChessBase"]
[SourceQuality "1"]
[TimeControl "40/5400+30:900+30"]

1. d4 d5 2. Bf4 Nf6 3. e3 e6 4. c3 Bd6 5. Bxd6 cxd6 6. Nf3 O-O 7. Nbd2 Re8 8. Be2 Nc6 9. O-O e5 10. dxe5 dxe5 11. Nb3 b6 12. a4 a5 13. c4 Bb7 14. c5 d4 15. exd4 exd4 16. Bb5 d3 17. Qxd3 Nd5 18. Rad1 Ncb4 19. Qc4 Rc8 20. Bxe8 Qxe8 21. Rfe1 Qxa4 22. Ra1 Qd7 23. Rad1 a4 24. Qxb4 axb3 25. Qxb3 Rxc5 26. Ne5 Qc8 27. Nd3 Rc7 28. Re5 Nf6 29. Qxb6 Qg4 30. Ne1 1-0

[Event "Bamberg-Open 2019"]
[Site "Bamberg"]
[Date "2019.05.30"]
[Round "2.23"]
[White "Haasner, Tom"]
[Black "Schmidt, Justus"]
[Result "1/2-1/2"]
[ECO "D00"]
[WhiteElo "1963"]
[BlackElo "2153"]
[Annotator "ChessBase"]
[PlyCount "76"]
[EventDate "2019.05.12"]
[EventType "swiss"]
[EventCountry "GER"]
[SourceTitle "playchess.com"]
[Source "ChessBase"]
[SourceQuality "1"]
[TimeControl "40/5400+30:900+30"]

1. d4 d5 2. Bf4 Nf6 3. e3 e6 4. c3 Bd6 5. Bg3 c5 6. Nd2 Qc7 7. f4 Nbd7 8. Bd3 b6 9. Qf3 Bb7 10. Nh3 O-O 11. O-O Bc6 12. Rac1 Qb7 13. Nf2 b5 14. e4 dxe4 15. Nfxe4 Be7 16. Bf2 Rfd8 17. Qe2 Nd5 18. g3 cxd4 19. Bxd4 N5f6 20. Rce1 Bd5 21. h3 Rac8 22. Kh2 a6 23. a4 Rb8 24. a5 Qc7 25. Qe3 Rbc8 26. b4 Qc6 27. Rf2 Bxe4 28. Bxe4 Nxe4 29. Nxe4 Qc4 30. Nd2 Qd5 31. Nf3 Bf6 32. Ne5 Nb8 33. Bb6 Re8 34. Rd2 Qb3 35. Bc5 Red8 36. Red1 Rxd2+ 37. Rxd2 Rd8 38. Bd6 g6 1/2-1/2

[Event "Bamberg-Open 2019"]
[Site "Bamberg"]
[Date "2019.05.30"]
[Round "2.24"]
[White "Kolb, Tobias"]
[Black "Ammon, Tobias"]
[Result "1/2-1/2"]
[ECO "B03"]
[WhiteElo "1915"]
[BlackElo "2151"]
[Annotator "ChessBase"]
[PlyCount "75"]
[EventDate "2019.05.12"]
[EventType "swiss"]
[EventCountry "GER"]
[SourceTitle "playchess.com"]
[Source "ChessBase"]
[SourceQuality "1"]
[TimeControl "40/5400+30:900+30"]

1. e4 Nf6 2. e5 Nd5 3. d4 d6 4. c4 Nb6 5. exd6 cxd6 6. Nc3 g6 7. Be3 Bg7 8. Nf3 O-O 9. Be2 Nc6 10. O-O Bg4 11. b3 d5 12. c5 Nc8 13. Ne1 Bxe2 14. Nxe2 e6 15. Qd2 N8e7 16. Bh6 a5 17. Bxg7 Kxg7 18. a3 b6 19. Nf3 Qb8 20. Rab1 b5 21. h4 b4 22. a4 h5 23. Nf4 Rh8 24. Rbe1 Nd8 25. Ng5 Ra6 26. Re2 Nf5 27. g3 Qc8 28. Rfe1 Qd7 29. Qd3 Ra8 30. Nf3 Nc6 31. Ne5 Nxe5 32. Rxe5 Rae8 33. Kg2 Kf8 34. Kg1 Kg7 35. Kg2 Kf8 36. Kg1 Rd8 37. Nxd5 Kg7 38. Nf4 1/2-1/2

[Event "Bamberg-Open 2019"]
[Site "Bamberg"]
[Date "2019.05.30"]
[Round "2.25"]
[White "Pribyl, Viktor"]
[Black "Kues, Jarl-Hendrik"]
[Result "0-1"]
[ECO "B23"]
[WhiteElo "1933"]
[BlackElo "2137"]
[Annotator "ChessBase"]
[PlyCount "60"]
[EventDate "2019.05.12"]
[EventType "swiss"]
[EventCountry "GER"]
[SourceTitle "playchess.com"]
[Source "ChessBase"]
[SourceQuality "1"]
[TimeControl "40/5400+30:900+30"]

1. e4 c5 2. Nc3 g6 3. f4 Bg7 4. Nf3 Nc6 5. Bb5 Nd4 6. Nxd4 cxd4 7. Ne2 e6 8. d3 Qa5+ 9. Qd2 Qxb5 10. e5 Qb6 11. Ng3 Ne7 12. Ne4 O-O 13. O-O Nd5 14. Rf3 f6 15. Rh3 Qd8 16. b3 fxe5 17. fxe5 Nf4 18. Rf3 Bxe5 19. Qf2 d5 20. Ng3 Qf6 21. Bxf4 Bxf4 22. Nf1 Be3 23. Nxe3 dxe3 24. Rxf6 exf2+ 25. Rxf2 Rxf2 26. Kxf2 Bd7 27. c4 Rf8+ 28. Kg3 dxc4 29. dxc4 Bc6 30. Re1 Kf7 0-1

[Event "Bamberg-Open 2019"]
[Site "Bamberg"]
[Date "2019.05.30"]
[Round "2.26"]
[White "Legahn, Dirk"]
[Black "Bunk, Wolfgang"]
[Result "1-0"]
[ECO "A45"]
[WhiteElo "2132"]
[BlackElo "1995"]
[Annotator "ChessBase"]
[PlyCount "87"]
[EventDate "2019.05.12"]
[EventType "swiss"]
[EventCountry "GER"]
[SourceTitle "playchess.com"]
[Source "ChessBase"]
[SourceQuality "1"]
[TimeControl "40/5400+30:900+30"]

1. d4 Nf6 2. Bf4 c5 3. d5 b5 4. f3 d6 5. e4 a6 6. a4 b4 7. a5 g6 8. Nd2 Bg7 9. Nc4 Nbd7 10. Qd2 h6 11. Bd3 Ra7 12. Ne2 Nh5 13. Be3 Ne5 14. Nxe5 Bxe5 15. c3 bxc3 16. bxc3 Bg7 17. O-O Nf6 18. h3 Nd7 19. f4 Rc7 20. Bc4 O-O 21. g4 Nb8 22. Ng3 Rb7 23. e5 dxe5 24. f5 g5 25. Ne4 Nd7 26. Bxa6 Rc7 27. Bc4 Bb7 28. a6 Ba8 29. Rfb1 Rc8 30. Bb5 Nf6 31. Nxf6+ exf6 32. c4 Qd6 33. Qf2 Rc7 34. a7 Bb7 35. Bc6 Rxc6 36. Rxb7 Ra6 37. Rxa6 Qxa6 38. Qb2 Qxc4 39. Qb3 Qa6 40. Bxc5 Kh7 41. Bxf8 Bxf8 42. Rxf7+ Kg8 43. Rxf8+ Kxf8 44. Qb8+ 1-0

[Event "Bamberg-Open 2019"]
[Site "Bamberg"]
[Date "2019.05.30"]
[Round "3.2"]
[White "Chennaoui, Yasin"]
[Black "Hacker, Jonas"]
[Result "0-1"]
[ECO "A22"]
[WhiteElo "2184"]
[BlackElo "2386"]
[Annotator "ChessBase"]
[PlyCount "112"]
[EventDate "2019.05.12"]
[EventType "swiss"]
[EventCountry "GER"]
[SourceTitle "playchess.com"]
[Source "ChessBase"]
[SourceQuality "1"]
[TimeControl "40/5400+30:900+30"]

1. c4 e5 2. Nc3 Nf6 3. g3 d5 4. cxd5 Nxd5 5. Bg2 Nb6 6. Nf3 Nc6 7. O-O Be7 8. d3 O-O 9. Be3 f5 10. b4 Bf6 11. Bc5 Re8 12. e4 Nd7 13. Qb3+ Kh8 14. Nd5 Nxc5 15. bxc5 Rb8 16. Nxf6 Qxf6 17. Rfe1 f4 18. gxf4 Qxf4 19. Re3 Bg4 20. Rb1 Rf8 21. Qb2 Rf6 22. h3 Bh5 23. Kh1 Rff8 24. Rf1 Qf6 25. Kg1 Qe7 26. Rc1 Bxf3 27. Rxf3 Rxf3 28. Bxf3 Qg5+ 29. Kh1 Nd4 30. Rg1 Qe7 31. Rg3 Qxc5 32. Qd2 Qe7 33. Kg2 Ne6 34. Bg4 Nf4+ 35. Kh2 c5 36. Qa5 b6 37. Qb5 Rd8 38. a4 g6 39. a5 bxa5 40. Qxa5 Rxd3 41. Qa6 Rd6 42. Qc8+ Rd8 43. Qa6 Rf8 44. Qc6 Rf6 45. Qa8+ Kg7 46. Rb3 Rb6 47. Ra3 Rb7 48. Ra5 Rc7 49. Rb5 c4 50. Rb8 c3 51. Rg8+ Kh6 52. Re8 Qh4 53. Kg1 c2 54. Rd8 c1=Q+ 55. Rd1 Nxh3+ 56. Kh1 Nf4+ 0-1

[Event "Bamberg-Open 2019"]
[Site "Bamberg"]
[Date "2019.05.30"]
[Round "3.3"]
[White "Langheinrich, Ferenc"]
[Black "Stauch, Edgar"]
[Result "1-0"]
[ECO "E61"]
[WhiteElo "2379"]
[BlackElo "2207"]
[Annotator "ChessBase"]
[PlyCount "51"]
[EventDate "2019.05.12"]
[EventType "swiss"]
[EventCountry "GER"]
[SourceTitle "playchess.com"]
[Source "ChessBase"]
[SourceQuality "1"]
[TimeControl "40/5400+30:900+30"]

1. d4 Nf6 2. c4 g6 3. Nc3 Bg7 4. Nf3 d6 5. h3 O-O 6. Bg5 h6 7. Bh4 Nbd7 8. e3 Re8 9. Be2 c6 10. O-O e5 11. Rc1 Qa5 12. Bg3 a6 13. Rb1 b5 14. b4 Qd8 15. dxe5 Nh5 16. Bh2 Nxe5 17. Nxe5 Bxe5 18. Bxe5 Rxe5 19. Qd4 Ng7 20. Rbd1 Re6 21. Bg4 Nf5 22. Qf4 Qe7 23. e4 g5 24. Qd2 Rxe4 25. Nxe4 Qxe4 26. Rfe1 1-0

[Event "Bamberg-Open 2019"]
[Site "Bamberg"]
[Date "2019.05.30"]
[Round "3.4"]
[White "Hirneise, Jens"]
[Black "Delitzsch, Juergen"]
[Result "1-0"]
[ECO "B35"]
[WhiteElo "2375"]
[BlackElo "2175"]
[Annotator "ChessBase"]
[PlyCount "148"]
[EventDate "2019.05.12"]
[EventType "swiss"]
[EventCountry "GER"]
[SourceTitle "playchess.com"]
[Source "ChessBase"]
[SourceQuality "1"]
[TimeControl "40/5400+30:900+30"]

1. e4 c5 2. Nf3 Nc6 3. d4 cxd4 4. Nxd4 g6 5. Nc3 Bg7 6. Be3 Nf6 7. Bc4 O-O 8. Bb3 d6 9. f3 Bd7 10. Qd2 Rc8 11. O-O-O Ne5 12. Kb1 Re8 13. h4 h5 14. Bg5 Rc5 15. Rhe1 Qc8 16. Bh6 Bh8 17. Be3 Nc4 18. Bxc4 Rxc4 19. Nd5 b5 20. c3 Nxd5 21. exd5 a5 22. Rc1 Qb7 23. Nb3 Qa8 24. Bg5 a4 25. Na1 a3 26. Nb3 Bf5+ 27. Ka1 axb2+ 28. Qxb2 b4 29. Bd2 Rec8 30. Nd4 Qxd5 31. Nxf5 Qxf5 32. Qc2 Qxc2 33. Rxc2 bxc3 34. Bg5 e6 35. Rd1 d5 36. a3 Kf8 37. Ka2 Ra8 38. g3 Be5 39. Rd3 d4 40. g4 Rca4 41. Bc1 Bd6 42. Kb3 hxg4 43. fxg4 e5 44. Re2 R4a5 45. h5 Bxa3 46. Bh6+ Kg8 47. Ra2 Rb8+ 48. Kc2 Bb4 49. Rxa5 Bxa5 50. hxg6 fxg6 51. Rd1 Kf7 52. Kd3 Ke6 53. Ra1 Rb5 54. Kc4 Rd5 55. Kd3 e4+ 56. Kxe4 d3 57. Rxa5 Rxa5 58. Kxd3 Rc5 59. Kc2 Rc7 60. Bf8 Ke5 61. Bb4 Kd4 62. g5 Ke4 63. Ba5 Rc8 64. Bb4 Kd4 65. Ba5 Kd5 66. Bxc3 Ke4 67. Kd2 Rxc3 68. Kxc3 Kf4 69. Kd2 Kxg5 70. Ke3 Kg4 71. Ke2 Kg3 72. Kf1 g5 73. Kg1 g4 74. Kh1 Kf2 1-0

[Event "Bamberg-Open 2019"]
[Site "Bamberg"]
[Date "2019.05.30"]
[Round "3.5"]
[White "Schenk, Alexander"]
[Black "Scholz, Christian"]
[Result "0-1"]
[ECO "E94"]
[WhiteElo "2096"]
[BlackElo "2372"]
[Annotator "ChessBase"]
[PlyCount "58"]
[EventDate "2019.05.12"]
[EventType "swiss"]
[EventCountry "GER"]
[SourceTitle "playchess.com"]
[Source "ChessBase"]
[SourceQuality "1"]
[TimeControl "40/5400+30:900+30"]

1. d4 Nf6 2. Nf3 g6 3. c4 Bg7 4. Nc3 d6 5. e4 O-O 6. Be2 e5 7. O-O Na6 8. d5 Nc5 9. Qc2 a5 10. Bg5 h6 11. Be3 b6 12. Nd2 Ng4 13. Bxg4 Bxg4 14. a3 Na6 15. Rab1 Bd7 16. b4 axb4 17. axb4 f5 18. exf5 gxf5 19. f4 Qf6 20. Nf3 Rae8 21. fxe5 dxe5 22. Qa2 Bc8 23. Nb5 f4 24. Bf2 e4 25. Bd4 Qg6 26. Bxg7 exf3 27. Bxf8 Re2 28. Qxe2 fxe2 29. Rxf4 Qxb1+ 0-1

[Event "Bamberg-Open 2019"]
[Site "Bamberg"]
[Date "2019.05.30"]
[Round "3.6"]
[White "Gegenfurtner, Juergen"]
[Black "Berghof, Axel"]
[Result "1/2-1/2"]
[ECO "B13"]
[WhiteElo "2323"]
[BlackElo "2155"]
[Annotator "ChessBase"]
[PlyCount "48"]
[EventDate "2019.05.12"]
[EventType "swiss"]
[EventCountry "GER"]
[SourceTitle "playchess.com"]
[Source "ChessBase"]
[SourceQuality "1"]
[TimeControl "40/5400+30:900+30"]

1. e4 c6 2. d4 d5 3. exd5 cxd5 4. Bd3 g6 5. Nf3 Bg7 6. O-O Nh6 7. Re1 O-O 8. c3 Nc6 9. Bf4 f6 10. c4 Bg4 11. cxd5 Nxd4 12. Nc3 Nf7 13. Be2 Nxe2+ 14. Qxe2 Ne5 15. Rad1 Bxf3 16. gxf3 h6 17. Kh1 Qd7 18. Rg1 g5 19. Bxe5 fxe5 20. Ne4 b6 21. d6 Kh8 22. Kg2 Rf4 23. dxe7 Qxe7 24. Rd3 Raf8 1/2-1/2

[Event "Bamberg-Open 2019"]
[Site "Bamberg"]
[Date "2019.05.30"]
[Round "3.8"]
[White "Schliebener, Stephan"]
[Black "Pacher, Milan"]
[Result "0-1"]
[ECO "A45"]
[WhiteElo "2117"]
[BlackElo "2396"]
[Annotator "ChessBase"]
[PlyCount "82"]
[EventDate "2019.05.12"]
[EventType "swiss"]
[EventCountry "GER"]
[SourceTitle "playchess.com"]
[Source "ChessBase"]
[SourceQuality "1"]
[TimeControl "40/5400+30:900+30"]

1. d4 Nf6 2. Bf4 g6 3. Nc3 d5 4. Nb5 Na6 5. e3 c6 6. Nc3 Nc7 7. Be2 Bg7 8. Be5 O-O 9. g4 Nd7 10. Bxg7 Kxg7 11. f4 f6 12. Qd2 e5 13. O-O-O e4 14. h4 b5 15. h5 Nb6 16. Rf1 a5 17. hxg6 hxg6 18. Rf2 Rh8 19. Rfh2 Rxh2 20. Rxh2 Qd6 21. Qe1 Bd7 22. Qg3 Rh8 23. Rxh8 Kxh8 24. g5 f5 25. Qe1 b4 26. Nb1 c5 27. c3 Nb5 28. Bxb5 Bxb5 29. b3 Bd3 30. Qd2 c4 31. Nh3 cxb3 32. axb3 a4 33. Nf2 Bxb1 34. Kxb1 axb3 35. cxb4 Nc4 36. Qc3 Qa6 37. Nd1 Kg8 38. Kc1 Qa3+ 39. Kb1 Kf7 40. b5 Ke6 41. b6 Kd7 0-1

[Event "Bamberg-Open 2019"]
[Site "Bamberg"]
[Date "2019.05.30"]
[Round "3.9"]
[White "Stets, Dmitry"]
[Black "Legahn, Dirk"]
[Result "1-0"]
[ECO "B35"]
[WhiteElo "2391"]
[BlackElo "2132"]
[Annotator "ChessBase"]
[PlyCount "47"]
[EventDate "2019.05.12"]
[EventType "swiss"]
[EventCountry "GER"]
[SourceTitle "playchess.com"]
[Source "ChessBase"]
[SourceQuality "1"]
[TimeControl "40/5400+30:900+30"]

1. e4 c5 2. Nc3 Nc6 3. Nge2 g6 4. d4 cxd4 5. Nxd4 Bg7 6. Be3 Nf6 7. Bc4 O-O 8. Bb3 e6 9. O-O d5 10. exd5 Nxd5 11. Nxd5 exd5 12. h3 Re8 13. c3 Na5 14. Re1 b6 15. Qf3 Nxb3 16. Nxb3 Bb7 17. Bd4 Re4 18. Qg3 Bf8 19. Rxe4 dxe4 20. Qe5 f6 21. Qe6+ Kg7 22. Rd1 Bc8 23. Qxe4 Bf5 24. Bxf6+ 1-0

[Event "Bamberg-Open 2019"]
[Site "Bamberg"]
[Date "2019.05.30"]
[Round "3.10"]
[White "Riemer, Ralf"]
[Black "Kurayan, Ruslan"]
[Result "0-1"]
[ECO "A05"]
[WhiteElo "2089"]
[BlackElo "2374"]
[Annotator "ChessBase"]
[PlyCount "36"]
[EventDate "2019.05.12"]
[EventType "swiss"]
[EventCountry "GER"]
[SourceTitle "playchess.com"]
[Source "ChessBase"]
[SourceQuality "1"]
[TimeControl "40/5400+30:900+30"]

1. Nf3 Nf6 2. c4 g6 3. b3 Bg7 4. Bb2 O-O 5. g3 d6 6. d4 Nbd7 7. Bg2 e5 8. dxe5 dxe5 9. Nxe5 Ng4 10. Nd3 Bxb2 11. Nxb2 Qf6 12. O-O Qxb2 13. Nd2 Nc5 14. Nf3 Bf5 15. Qd5 b6 16. Nh4 Rad8 17. Qc6 Ne5 18. Qxc7 Rd7 0-1

[Event "Bamberg-Open 2019"]
[Site "Bamberg"]
[Date "2019.05.30"]
[Round "3.11"]
[White "Pribyl, Josef"]
[Black "Krauseneck, Peter"]
[Result "1-0"]
[ECO "A25"]
[WhiteElo "2239"]
[BlackElo "2136"]
[Annotator "ChessBase"]
[PlyCount "147"]
[EventDate "2019.05.12"]
[EventType "swiss"]
[EventCountry "GER"]
[SourceTitle "playchess.com"]
[Source "ChessBase"]
[SourceQuality "1"]
[TimeControl "40/5400+30:900+30"]

1. c4 e5 2. Nc3 Nc6 3. g3 d6 4. Bg2 f5 5. e3 Nf6 6. d4 Bd7 7. Nge2 g6 8. b3 Bg7 9. Ba3 e4 10. Qd2 O-O 11. Nf4 a6 12. c5 Bc8 13. h4 d5 14. f3 Rf7 15. O-O-O exf3 16. Bxf3 Ne4 17. Nxe4 fxe4 18. Be2 Ne7 19. g4 Bd7 20. Rdg1 Bb5 21. Bd1 Qd7 22. Bb2 Raf8 23. a4 Bc6 24. Be2 Qc8 25. Kb1 Bd7 26. Bc3 c6 27. Rh2 Qb8 28. Rf2 Qc8 29. Rff1 Qb8 30. Ka2 Qc8 31. Qd1 Qc7 32. Be1 b6 33. Bg3 Qb7 34. Qc2 a5 35. Rc1 b5 36. Nh3 Bh6 37. Ng5 Bxg5 38. hxg5 Rc8 39. Rgf1 Rcf8 40. Rxf7 Rxf7 41. Bf4 Qc8 42. Rg1 Qb7 43. Qd2 b4 44. Qe1 Be6 45. Qg3 Nc8 46. Be5 Qe7 47. Qh4 Qd7 48. Bf6 Qc7 49. Rh1 Kf8 50. Qf2 Ke8 51. Qh4 Ne7 52. Be5 Qb7 53. Qg3 Ng8 54. Kb2 Qe7 55. Bf4 Qb7 56. Kc1 Ne7 57. Kd2 Nc8 58. Ke1 Qe7 59. Qh4 Qd7 60. Be5 Qe7 61. Bf6 Qc7 62. Rf1 Qd7 63. Rf2 Na7 64. Qg3 Nc8 65. Qe5 Kf8 66. Rf4 Kg8 67. Qb8 Rf8 68. Kf2 Rf7 69. Kg3 Rf8 70. Be5 Rxf4 71. Bxf4 Kf7 72. Qc7 Ke8 73. Qxa5 Qb7 74. Qc7 1-0

[Event "Bamberg-Open 2019"]
[Site "Bamberg"]
[Date "2019.05.30"]
[Round "3.12"]
[White "Wichmann, Adrian"]
[Black "Weishaeutel, Moritz"]
[Result "0-1"]
[ECO "A45"]
[WhiteElo "2060"]
[BlackElo "2252"]
[Annotator "ChessBase"]
[PlyCount "58"]
[EventDate "2019.05.12"]
[EventType "swiss"]
[EventCountry "GER"]
[SourceTitle "playchess.com"]
[Source "ChessBase"]
[SourceQuality "1"]
[TimeControl "40/5400+30:900+30"]

1. d4 Nf6 2. Bf4 d5 3. e3 c5 4. c3 Nc6 5. Nf3 Qb6 6. Qb3 c4 7. Qc2 Bf5 8. Qc1 h6 9. h3 e6 10. Nbd2 Rc8 11. Be2 Be7 12. Bd1 O-O 13. Bc2 Bxc2 14. Qxc2 a5 15. Rb1 Qa6 16. e4 b5 17. e5 Nd7 18. g4 f6 19. Qg6 Rf7 20. Qh5 fxe5 21. Bxe5 Rcf8 22. Bxg7 Rxg7 23. Qxh6 Nd8 24. Qe3 Nf7 25. O-O Ng5 26. Nxg5 Bxg5 27. f4 Rxf4 28. Rxf4 Qd6 29. Rbf1 Rf7 0-1

[Event "Bamberg-Open 2019"]
[Site "Bamberg"]
[Date "2019.05.30"]
[Round "3.13"]
[White "Mooser, Stefan"]
[Black "Wehner, Janis"]
[Result "1/2-1/2"]
[ECO "E65"]
[WhiteElo "2215"]
[BlackElo "2128"]
[Annotator "ChessBase"]
[PlyCount "83"]
[EventDate "2019.05.12"]
[EventType "swiss"]
[EventCountry "GER"]
[SourceTitle "playchess.com"]
[Source "ChessBase"]
[SourceQuality "1"]
[TimeControl "40/5400+30:900+30"]

1. d4 Nf6 2. c4 g6 3. Nf3 Bg7 4. g3 O-O 5. Bg2 d6 6. O-O c5 7. Nc3 cxd4 8. Nxd4 Qc7 9. b3 Nc6 10. Bb2 Bd7 11. e3 Nxd4 12. Qxd4 Bc6 13. Rfd1 Bxg2 14. Kxg2 Rfc8 15. Nd5 Qd8 16. Rac1 Qf8 17. Rd2 Nxd5 18. Qxd5 Bxb2 19. Rxb2 Rc7 20. e4 Rac8 21. Re1 b6 22. Rbe2 Rc5 23. Qd3 Qe8 24. a4 Qc6 25. f3 Qc7 26. Qd4 a6 27. Ra1 Rh5 28. h4 Qc5 29. Qd2 Qa5 30. Qxa5 bxa5 31. Rd1 Rb8 32. Re3 Kf8 33. f4 Rc5 34. Rdd3 Rb6 35. Kf3 e6 36. Re2 Ke7 37. Re1 h5 38. Ree3 Rb7 39. Re2 Rb6 40. Ree3 Rb7 41. Re1 Rb6 42. Ree3 1/2-1/2

[Event "Bamberg-Open 2019"]
[Site "Bamberg"]
[Date "2019.05.30"]
[Round "3.15"]
[White "Schmitz, Tim"]
[Black "Becker, Tobias"]
[Result "0-1"]
[ECO "B07"]
[WhiteElo "1835"]
[BlackElo "2019"]
[Annotator "NA"]
[PlyCount "54"]
[EventDate "2019.05.12"]
[EventType "swiss"]
[EventCountry "GER"]
[SourceTitle "playchess.com"]
[Source "ChessBase"]
[SourceQuality "1"]
[TimeControl "40/5400+30:900+30"]

1. e4 d6 2. d4 Nf6 3. Nc3 Nbd7 4. Nf3 e5 5. Bc4 Be7 6. O-O h6 7. Be3 c6 8. a4 a5 9. Bb3 Qc7 10. Qe2 Ng4 11. Rad1 Nxe3 12. Qxe3 O-O 13. Ne2 Re8 14. Ng3 Bf8 15. dxe5 dxe5 16. c3 Nc5 17. Bc2 g6 18. h4 Kg7 19. h5 Ne6 20. Nh2 Bc5 21. Qf3 Nf4 22. Ng4 Be6 23. Ne3 Rad8 24. Ngf5+ Kh7 25. Ng4 gxf5 26. exf5 Bd5 27. f6+ e4 0-1

[Event "Bamberg-Open 2019"]
[Site "Bamberg"]
[Date "2019.05.30"]
[Round "3.16"]
[White "Zenker, Ulrich"]
[Black "Dannhaeuser, Kevin"]
[Result "1-0"]
[ECO "A41"]
[WhiteElo "2147"]
[BlackElo "2095"]
[Annotator "ChessBase"]
[PlyCount "69"]
[EventDate "2019.05.12"]
[EventType "swiss"]
[EventCountry "GER"]
[SourceTitle "playchess.com"]
[Source "ChessBase"]
[SourceQuality "1"]
[TimeControl "40/5400+30:900+30"]

1. d4 d6 2. Nf3 Nd7 3. c4 e5 4. Nc3 c6 5. g3 Be7 6. Bg2 Ngf6 7. Qc2 Qc7 8. O-O O-O 9. b3 Re8 10. e3 Bf8 11. dxe5 dxe5 12. Bb2 Nc5 13. b4 Na6 14. a3 Bg4 15. h3 Bh5 16. Nh4 Rad8 17. g4 Bg6 18. Nxg6 hxg6 19. Rad1 Qc8 20. Ne4 Nxe4 21. Bxe4 Bd6 22. c5 Bb8 23. Rxd8 Rxd8 24. Rd1 Rxd1+ 25. Qxd1 f5 26. Bc2 e4 27. gxf5 gxf5 28. Bb3+ Kf8 29. Qh5 Qe8 30. Qh8+ Ke7 31. Qxg7+ Kd8 32. Bf6+ Kc8 33. Be6+ Qxe6 34. Qf8+ Kc7 35. Qd8# 1-0